[Event "*** Titled Tuesday Blitz"]
[Site "Chess.com"]
[Date "2020.04.28"]
[Round "6"]
[White "MichailovM"]
[Black "GMNeiksans"]
[Result "1-0"]
[WhiteElo "2387"]
[BlackElo "2777"]
[TimeControl "180+1"]
[EndTime "11:08:41 PDT"]
[Termination "MichailovM won on time"]

1. e4 g6 2. d4 Bg7 3. Nc3 d6 4.
h3 a6 5. a4 Nf6 6. Nf3 O-O 7. Be2 b6 8. O-O Bb7 9. d5 c6 10. Be3 cxd5 11. exd5 Nbd7 12. Bd4 Rc8 13. Re1 Rc7 14. Bf1 Re8 15. Qd2 Qa8 16. Rad1 Bxd5 17.
Nxd5 Qxd5 18. Bxa6 Nc5 19. Bb5 Rec8 20. Qe3 Qb7 21. Re2 Rb8 22. b4 Ne6 23. Ba1 Nd5 24. Qb3 Nc3 25. Rxe6 Nxd1 26. Ng5 Rf8 27. Bxg7 Kxg7 28. Re1 Nc3 29. Bc4 d5 30. Qxc3+ Kg8 31. Bxd5 Qxd5 32. Qxc7 Qxg5 33. Qxb6 Rc8 34. Re2 e6 35. Qe3 Qf6 36. Rd2 Qa1+ 37. Kh2 Qxa4 38. Qd4 Qc6 39. h4 Rb8 40. h5 Qb5 41. hxg6 hxg6 42. c3 Qb7 43. f3 Rc8 44. Kg3 Qc7+ 45. Kf2 Qxc3 46. Qxc3 Rxc3 47. Rb2 Rc6 48. b5 Rb6 49. Ke3 Kf8 50. Kd4 Ke7 51. Kc5 Rb8 52. b6 Kd7 53. Rd2+ Ke7 54. Kc6 Rc8+ 55. Kb7 Rc3 56. Kb8 e5 57. b7 Ra3 58. Rd5 Ke6 59. Rd8 Ke7 60. Rd5 Ke6 61. Rb5 Kd7 62. Rxe5 Ra2 63.
g4 f6 64. Rd5+ Ke6 65. Rd4 1-0

[Event "*** Titled Tuesday Blitz"]
[Site "Chess.com"]
[Date "2020.04.28"]
[Round "6"]
[White "Larisa004"]
[Black "tufferguy"]
[Result "1-0"]
[WhiteElo "2124"]
[BlackElo "2369"]
[TimeControl "180+1"]
[EndTime "11:08:41 PDT"]
[Termination "Larisa004 won on time"]

1. e4 e5 2. Nf3 Nc6 3. d4 exd4 4. Nxd4 Bb4+ 5. c3 Bc5 6. Nxc6 bxc6 7. Qf3 Qf6 8. Nd2 d6 9. Nb3 Bb6 10. Be3 h5 11.
Bd4 Qg6 12. h3 Bb7 13. Qf5 Qxf5 14. exf5 Nf6 15. O-O-O O-O-O 16. f3 Rde8 17. Bd3 c5 18.
Bxf6 gxf6 19. Rhe1 d5 20. c4 Rxe1 21. Rxe1 Rg8 22.
g4 dxc4 23. Bxc4 Bxf3 24. Bxf7 Rd8 25. Be6+ Kb7 26. Nd2 hxg4 27. Nxf3 gxf3 28. Rf1 Rd3 29. Rxf3 Rxf3 30. Bd5+ c6 31. Bxf3 Kc7 32. Bg4 c4 33. Kc2 Be3 34. Kc3 Bc1 35. Kxc4 Bxb2 36. a4 Kb6 37. h4 Bc1 38. h5 Be3 39. Bf3 c5 40.
Bd5 Ka5 41. Bc6 Bh6 42. Bb5 Kb6 43. Kd5 a5 44. Ke6 Bg5 45. Kf7 c4 46. Kg6 c3 47.
Bd3 Kc5 48. Bc2 Kd4 49. h6 Bxh6 50. Kxh6 Ke3 51. Bb3 Kd2 52. Kg6 c2 53. Bxc2 Kxc2 54. Kxf6 Kb3 55. Ke6 Kxa4 56. f6 Kb3 57. f7 a4 58.
f8=Q a3 59. Qb8+ Kc2 60. Qe5 Kb1 61. Qe1+ Kb2 62. Qe2+ Kb1 63. Qb5+ Kc2 64. Qa4+ Kb2 65. Qb4+ Ka2 66. Kd5 Ka1 67. Qxa3+ Kb1 68. Qh3 Ka1 69. Kc4 Kb1 70. Kb3 Kc1 71. Qh1+ Kd2 72. Qf3 Ke1 73. Qg2 Kd1 74. Kc3 Ke1 75. Kd3 1-0

[Event "*** Titled Tuesday Blitz"]
[Site "Chess.com"]
[Date "2020.04.28"]
[Round "6"]
[White "pheonixking2000"]
[Black "kuli4ik"]
[Result "1/2-1/2"]
[WhiteElo "2818"]
[BlackElo "2718"]
[TimeControl "180+1"]
[EndTime "11:08:44 PDT"]
[Termination "Game drawn by repetition"]

1. c4 e5 2. g3 Nc6 3. Bg2 Bc5 4.
Nc3 a6 5. Nf3 d6 6. O-O Ba7 7.
e3 Nf6 8. h3 O-O 9. d4 h6 10. b3 Bf5 11. Bb2 exd4 12. Nxd4 Nxd4 13. exd4 c6 14. d5 Qd7 15. Kh2 Rfe8 16. Qf3 c5 17.
Rae1 Rxe1 18. Rxe1 Re8 19. Rxe8+ Nxe8 20. Ne4 Bb6 21.
g4 Bg6 22. Qc3 Bd8 23. Qd2 Bxe4 24. Bxe4 Bf6 25. Bc1 Be5+ 26. f4 Bd4 27. Qe2 g6 28. h4 Qe7 29. g5 hxg5 30. hxg5 Ng7 31. Bf3 Qxe2+ 32. Bxe2 f5 33. gxf6 Bxf6 34. Kg2 Kf7 35. Bg4 Nf5 36. Kf3 Bc3 37. Ke4 Kf6 38. Kf3 Nd4+ 39.
Ke3 Nf5+ 40. Kd3 Bd4 41. Bd2 b6 42. a3 Bb2 43. a4 a5 44. Bxf5 Kxf5 45. Ke3 Bf6 46. Kf3 Bh4 47. Be3 Bf6 48. Bf2 Be7 49. Be1 Bf6 50. Bd2 Bg7 51. Be3 Bf6 52. Bg1 Bd4 53.
Bh2 Bc3 54. Bg3 Bf6 55. Be1 Bd4 56. Bh4 Bf6 57. Bxf6 Kxf6 58. Kg4 Kf7 59. Kh4 Kf6 60. Kg4 Kf7 61. Kg5 Kg7 62. f5 gxf5 63. Kxf5 Kf7 64. Kg5 Kg7 65. Kf5 Kf7 66. Kg5 Kg7 67. Kf5 1/2-1/2

[Event "*** Titled Tuesday Blitz"]
[Site "Chess.com"]
[Date "2020.04.28"]
[Round "6"]
[White "mshuaau0"]
[Black "zajka-molotok"]
[Result "1-0"]
[WhiteElo "2140"]
[BlackElo "2382"]
[TimeControl "180+1"]
[EndTime "11:08:45 PDT"]
[Termination "mshuaau0 won by checkmate"]

1. e4 e5 2. Nf3 Nc6 3. Bc4 Nf6 4. d3 Be7 5. Nc3 d6 6. a3 O-O 7. Bg5 Be6 8. Bxf6 Bxf6 9. Nd5 Be7 10. Nxe7+ Qxe7 11. Qe2 Bxc4 12. dxc4 f5 13. O-O-O fxe4 14. Qxe4 Rf4 15.
Qd5+ Kh8 16. Rhe1 Raf8 17. c5 R4f6 18. cxd6 cxd6 19. Re2 Qc7 20. Kb1 Ne7 21. Qb3 Rf5 22. Qb4 d5 23. Rde1 Nc6 24. Qc5 e4 25. Nd4 R5f7 26. Ne6 b6 27. Qxd5 Qc8 28. Nxf8 Rxf8 29. Rxe4 h6 30. f3 Na5 31. Qe6 Qd8 32. Qe7 Qc8 33.
Qxa7 Nc4 34. Re7 Nd2+ 35. Ka1 Rg8 36. Qc7 Qa6 37. Qc3 Nc4 38. Rxg7 Rxg7 39. Re7 Ne5 40.
Qxe5 Qf1+ 41. Ka2 Qc4+ 42. Kb1 Qf1+ 43. Qe1 Qxe1+ 44. Rxe1 Rxg2 45. Re6 Kg7 46. Rxb6 Rxh2 47. a4 Rf2 48. a5 Rxf3 49. b4 h5 50. Kb2 h4 51.
Rb5 Kg6 52. Rb6+ Kg5 53. Rb8 Rf6 54. Rg8+ Rg6 55. Rh8 Rh6 56. Rd8 h3 57. Rd1 h2 58.
Rh1 Kg4 59. Kb3 Kg3 60. c4 Kg2 61. Rxh2+ Kxh2 62. b5 Kg3 63. a6 Kf4 64. a7 Rh8 65. b6 Ke5 66. b7 Kd4 67. b8=Q Rh3+ 68. Kb4 Rh1 69. Qd6+ Ke3 70. Qc5+ Kd3 71. Qd5+ Kc2 72. Qxh1 Kb2 73. Qg2+ Kb1 74. Kb3 Kc1 75. Qc2# 1-0

[Event "*** Titled Tuesday Blitz"]
[Site "Chess.com"]
[Date "2020.04.28"]
[Round "6"]
[White "Akhayan"]
[Black "FMOlexandrProhorov"]
[Result "1/2-1/2"]
[WhiteElo "2293"]
[BlackElo "2079"]
[TimeControl "180+1"]
[EndTime "11:08:46 PDT"]
[Termination "Game drawn by agreement"]

1. d4 g6 2. Nf3 Bg7 3. g3 c5 4.
Bg2 cxd4 5. Nxd4 Nc6 6. Nxc6 bxc6 7. O-O Rb8 8. Nc3 Nf6 9. Qd3 O-O 10. e4 d6 11. e5 dxe5 12. Qxd8 Rxd8 13. Bxc6 Bf5 14. Ba4 e4 15. Bb3 Ng4 16. Bf4 e5 17. Bg5 Rdc8 18. Nd5 Rc5 19. Ne7+ Kf8 20. Nxf5 gxf5 21. h3 Nf6 22.
Be3 Rc7 23. Rfd1 Nh5 24. Rd5 f4 25. Bc5+ Kg8 26. Bd6 Rbc8 27. Bxc7 Rxc7 28. g4 Nf6 29. Rd8+ Bf8 30. Rad1 h6 31. Ra8 Kg7 32. Rdd8 Be7 33. Rdc8 Rd7 34. h4 e3 35. fxe3 Nxg4 36. Rg8+ Kf6 37. Rxg4 Bc5 38. Kg2 fxe3 39. Re4 Rd2+ 40. Kf3 Rf2+ 41. Kg3 Kf5 42. Bd5 Rf1 43. Rc8 Bb6 44.
Rf8 f6 45. c4 Rg1+ 46. Kh2 Rb1 47. b3 Rb2+ 48. Kh3 e2 49. b4 Bf2 50. c5 e1=Q 51. Rxe1 Bxe1 52. c6 Rxb4 53. c7 Rxh4+ 54. Kg2 Rd4 55. c8=Q+ Kf4 56. Bc4 Rd2+ 57. Kf1 Bg3 58.
Rxf6+ Ke3 59. Qc5+ Rd4 60. Rg6 Bf4 61. Rg4 h5 62. Rxf4 Kxf4 63. Qf8+ Ke3 64. Bb3 Rf4+ 65. Qxf4+ exf4 66. Bd5 f3 67. Kg1 h4 68. Kf1 a5 69. a4 h3 70. Kg1 f2+ 71. Kf1 h2 72. Bc6 Kd4 73. Kxf2 Kc5 74. Bf3 Kb4 75. Kg2 Kxa4 76.
Kxh2 Kb3 77. Bd5+ 1/2-1/2

[Event "*** Titled Tuesday Blitz"]
[Site "Chess.com"]
[Date "2020.04.28"]
[Round "6"]
[White "Andreikka"]
[Black "Spartakus1975"]
[Result "1/2-1/2"]
[WhiteElo "2971"]
[BlackElo "2758"]
[TimeControl "180+1"]
[EndTime "11:08:47 PDT"]
[Termination "Game drawn by repetition"]

1. c4 e5 2. Nc3 Bb4 3. Nd5 Be7 4. d4 d6 5. g3 Nf6 6. Nxe7 Qxe7 7. Bg2 exd4 8.
Qxd4 Nc6 9. Qd1 Be6 10. Qa4 d5 11. Nf3 Qb4+ 12. Qxb4 Nxb4 13. Nd4 O-O-O 14. a3 dxc4 15.
axb4 Rxd4 16. Rxa7 Rhd8 17. Ra8+ Kd7 18. Rxd8+ Kxd8 19. Bxb7 Bd5 20. Bxd5 Nxd5 21. Bd2 Kd7 22. Bc3 Nxc3 23.
bxc3 Rd6 24. f3 Kc6 25. Kf2 Rd2 26. Ra1 Rc2 27. Ra3 Kd5 28. Ke3 f5 29. Ra5+ Ke6 30. Rc5 Rxc3+ 31. Kd4 Rc2 32. Rxc7 g5 33. Rxh7 c3 34. Kd3 Rd2+ 35. Kxc3 Rxe2 36. Kc4 Rc2+ 37. Kb5 Ke5 38. Rh5 Kf6 39. h4 gxh4 40. Rxh4 Rc3 41. g4 f4 42. Rh5 Rxf3 43. Rf5+ Ke6 44. Kb6 Rf1 45. b5 f3 46. Kb7 f2 47. b6 Ke7 48. Rf3 Ke6 49. g5 Ke5 50. g6 Ke4 51. g7 Kxf3 52. g8=Q Rg1 53. Qd5+ Ke3 54. Qc5+ Kf3 55.
Qc3+ Kg2 56. Qd2 Kf3 57. Qd3+ Kf4 58. Qd4+ Kf3 59. Qf6+ Ke2 60. Qe5+ Kf3 61. Qf5+ Ke2 62. Qe4+ Kd2 63. Qf4+ Ke2 64. Qc4+ Ke3 65. Qc3+ Ke2 66. Qc2+ Ke3 67. Qc5+ Ke2 68. Qe5+ Kf3 69. Qf5+ Ke3 70.
Qh3+ Ke2 71. Qh2 Ke3 72. Qe5+ Kf3 1/2-1/2

[Event "*** Titled Tuesday Blitz"]
[Site "Chess.com"]
[Date "2020.04.28"]
[Round "6"]
[White "SahajGrover"]
[Black "Beca95"]
[Result "1-0"]
[WhiteElo "2721"]
[BlackElo "2857"]
[TimeControl "180+1"]
[EndTime "11:08:47 PDT"]
[Termination "SahajGrover won by checkmate"]

1. e4 c5 2. Nf3 d6 3. d4 cxd4 4. Nxd4 Nf6 5. Nc3 Nc6 6. Bc4 Qb6 7. Nb3 e6 8. Be3 Qc7 9. f4 a6 10. Bd3 b5 11. O-O Bb7 12. Qe2 Be7 13. a3 h5 14. Kh1 h4 15. Nd4 h3 16. g3 Rc8 17.
Nd1 Na5 18. Nf2 g6 19. Kg1 Nc4 20. Bc1 Qb6 21. c3 e5 22. Nc2 exf4 23. Bxf4 Nxb2 24. Be3 Qa5 25. Bd4 Rh5 26. Nb4 Nxd3 27. Nbxd3 Qc7 28. Rae1 Nd7 29. Ng4 Ne5 30. Qf2 Bd8 31. Ndxe5 dxe5 32. Nxe5 Rh7 33. Ng4 Qc6 34. Ne5 Qe6 35. Nf3 Be7 36. Ne5 g5 37. Nd3 f6 38. Nc5 Bxc5 39. Bxc5 Rf7 40. Bd4 Rc4 41. Qf3 Kd7 42. Qh5 Kc7 43. Qh6 Qc6 44. Rxf6 Rxf6 45. Qxf6 Qxf6 46. Bxf6 Bxe4 47.
Bxg5 Kd6 48. Rd1+ Ke5 49. Bf4+ Kf5 50. Rc1 Rc5 51. Kf2 Rd5 52. Ke2 Kg4 53. Be3 Bf3+ 54.
Kf2 a5 55. c4 Rd3 56. cxb5 Bd5 57. b6 Rb3 58. Rd1 Bb7 59. Rd4+ Kf5 60. Rf4+ Ke5 61.
Bd4+ Ke6 62. a4 Bd5 63. Rf6+ Ke7 64. Rh6 Kd7 65. Rxh3 Rb4 66. Bc5 Rc4 67. Rh7+ Ke6 68. Rc7 Rc2+ 69. Ke3 Rc3+ 70. Kf4 Rc4+ 71. Kg5 Rc2 72.
Re7# 1-0

[Event "*** Titled Tuesday Blitz"]
[Site "Chess.com"]
[Date "2020.04.28"]
[Round "6"]
[White "djamir"]
[Black "YQPerez"]
[Result "1/2-1/2"]
[WhiteElo "2733"]
[BlackElo "2951"]
[TimeControl "180+1"]
[EndTime "11:08:48 PDT"]
[Termination "Game drawn by repetition"]

1. d4 d5 2. Bf4 Nf6 3. e3 e6 4. Nd2 Bd6 5. Bg3 c5 6. c3 Nc6 7. Ngf3 O-O 8. Bd3 b6 9. Ne5 Bb7 10. f4 Ne7 11. Qb1 Qc8 12. h3 Nf5 13. Bf2 Be7 14. Ng4 g6 15. Nxf6+ Bxf6 16. g4 Nd6 17. h4 Qc6 18. g5 Bg7 19. h5 Ne4 20. a4 a6 21. Ke2 b5 22. axb5 axb5 23. hxg6 hxg6 24. Nf3 Rxa1 25. Qxa1 Ra8 26. Qb1 b4 27. Ne5 Bxe5 28. fxe5 Ba6 29. Be1 Bxd3+ 30. Qxd3 Ra2 31. Qb1 Qa6+ 32.
Kf3 bxc3 33. bxc3 Qe2+ 34. Kf4 Ra8 35. Qb7 Rf8 36. Qe7 Ra8 37. Qb7 Qa6 38. Qxa6 Rxa6 39.
c4 cxd4 40. cxd5 exd5 41. exd4 Ra4 42. Ke3 Ra3+ 43. Kf4 Rd3 44. Ba5 Rxd4 45. Ke3 Ra4 46. Bd8 Kf8 47. Rh8+ Kg7 48. Rh2 Ra3+ 49. Kd4 Rg3 50.
Bf6+ Nxf6 51. gxf6+ Kg8 52. Kxd5 Rd3+ 53. Ke4 Rd8 54. Rc2 Re8 55. Rg2 Kh7 56. Rh2+ Kg8 57. Kf4 Ra8 58. Re2 Re8 59. Kg5 Ra8 60. Kf4 Ra4+ 61. Kg5 Ra5 62. Re3 Kf8 63. Kf4 Ke8 64.
Rd3 Ra4+ 65. Ke3 Rg4 66. Rd6 Rh4 67. Ra6 Rg4 68. Ra7 Rh4 69. Re7+ Kf8 70. Ra7 Ke8 71. Re7+ Kf8 72. Rb7 Ke8 73. Re7+ 1/2-1/2

[Event "*** Titled Tuesday Blitz"]
[Site "Chess.com"]
[Date "2020.04.28"]
[Round "6"]
[White "MRBigtimer"]
[Black "etserga"]
[Result "1-0"]
[WhiteElo "2324"]
[BlackElo "2438"]
[TimeControl "180+1"]
[EndTime "11:08:52 PDT"]
[Termination "MRBigtimer won by resignation"]

1. e4 d5 2. exd5 Qxd5 3. Nc3 Qd8 4. d4 g6 5. Be3 Bg7 6. Qd2 c6 7.
O-O-O Nd7 8. Nf3 Nb6 9. Ne5 Be6 10. Kb1 a5 11. a3 Nf6 12. Bh6 Bxh6 13. Qxh6 Nbd5 14.
Nxd5 Qxd5 15. Bc4 Qxg2 16. Bxe6 fxe6 17. Rhe1 Rf8 18. Nd3 Nd5 19. Rxe6 O-O-O 20. Qxh7 Qg4 21. Rde1 Qxd4 22. Qxg6 Kb8 23. Qg3+ Ka8 24. R6e4 Qb6 25.
Ka2 c5 26. c4 Nb4+ 27. axb4 cxb4 28. Qe3 Qc6 29. Re6 Qa4+ 30. Kb1 b3 31. Nc1 Qxc4 32.
Qxb3 Qc5 33. Rxe7 Rb8 34. R7e5 Qa7 35. Qe3 Qa6 36. Qc5 b6 37. Qc6+ Qb7 38. Qxb7+ Kxb7 39. R1e2 Rh8 40. f4 Rbf8 41. f5 Ka6 42. Rf2 Rh5 43. Nd3 Kb7 44. Nc1 Kc6 45. Ne2 Kd6 46. Re6+ Kc7 47.
Ng3 Rg5 48. f6 b5 49. f7 Rg7 50. Re7+ Kc6 51. Rf6+ Kc5 52. Re5+ Kc4 53. Rf4+ Kd3 54. Rf3+ Kd4 55. Re4+ Kd5 56. Rf5+ Kd6 57. Ref4 b4 58.
Rxa5 Rgxf7 59. Rxf7 Rxf7 60. Rb5 Rf3 61. Rxb4 Kc6 62. Rd4 Rf2 63. h4 Rg2 64. Rg4 Rh2 65. Ne4 Rh3 66. Nc3 Kc5 67. Ka2 Kc6 68. Ka3 Kc5 69. Kb3 Kc6 70. Kc4 Kd6 71. b4 Ke5 72. b5 Kf5 73. Rd4 Ke5 74. b6 Rh2 75.
Rd5+ Ke6 76. Rb5 Rxh4+ 77. Kb3 Rh8 78. b7 Rb8 79. Na4 Kd6 80. Nc5 Kc6 81. Kb4 Kc7 82.
Na6+ Kd6 83. Nxb8 Ke6 84. Na6 1-0

[Event "*** Titled Tuesday Blitz"]
[Site "Chess.com"]
[Date "2020.04.28"]
[Round "6"]
[White "Gabrielian_Artur"]
[Black "GM_dmitrij"]
[Result "1/2-1/2"]
[WhiteElo "2730"]
[BlackElo "2983"]
[TimeControl "180+1"]
[EndTime "11:09:02 PDT"]
[Termination "Game drawn - insufficient material"]

1. e4 e5 2. Nc3 Nf6 3. g3 Bc5 4. Bg2 d6 5. Nge2 Nc6 6. Na4 Be6 7. c3 Qd7 8. O-O Bb6 9. d4 Bh3 10. Nxb6 axb6 11. dxe5 Bxg2 12. Kxg2 dxe5 13. Qxd7+ Nxd7 14. Be3 Ke7 15. Rfd1 Na5 16. b3 Nc6 17. c4 Nb4 18.
Nc3 c6 19. Rd2 Nc5 20. Bxc5+ bxc5 21. Na4 Na6 22. Rad1 Rhd8 23. Rxd8 Rxd8 24. Rxd8 Kxd8 25. f4 Ke7 26. Kf3 Kd6 27. a3 f6 28. Ke3 Nc7 29.
f5 Na6 30. g4 Nb8 31. h4 h6 32. Nb2 Nd7 33. Nd3 b6 34. b4 cxb4 35. axb4 Ke7 36.
c5 bxc5 37. bxc5 Kd8 38. Kd2 Kc7 39. Kc3 Kb7 40. Kc4 Ka6 41. Nb4+ Kb7 42. Nd3 Ka6 43. Ne1 Kb7 44. Nf3 Kc7 45. g5 hxg5 46. hxg5 Kd8 47. gxf6 gxf6 48. Nh4 Ke7 49. Ng6+ Kf7 50. Nh4 Kg7 51.
Nf3 Kh6 52. Nd2 Kg5 53. Nb3 Kf4 54. Kd3 Kf3 55. Nd2+ Kg4 56. Nb3 Kf4 57. Na5 Nxc5+ 58. Ke2 Nxe4 59. Nxc6 Kxf5 60. Ke3 Nd6 61. Nd8 Kg4 62. Ne6 f5 63. Nc7 f4+ 64. Ke2 e4 65. Nd5 Kf5 66. Ne7+ Ke5 67. Ng6+ Kf5 68. Ne7+ Kg4 69.
Nd5 Kg3 70. Nf6 Kg2 71. Nh5 f3+ 72. Ke3 f2 73. Nf4+ Kg3 74. Ne2+ Kg2 75. Nf4+ Kf1 76. Nh3 Ke1 77. Nxf2 Nc4+ 78. Kxe4 1/2-1/2

[Event "*** Titled Tuesday Blitz"]
[Site "Chess.com"]
[Date "2020.04.28"]
[Round "6"]
[White "GMartin_Petrov"]
[Black "Artem_Koval"]
[Result "1-0"]
[WhiteElo "2667"]
[BlackElo "2431"]
[TimeControl "180+1"]
[EndTime "11:09:03 PDT"]
[Termination "GMartin_Petrov won by checkmate"]

1. c4 e5 2. d3 Nc6 3. Nf3 d6 4. g3 Nf6 5. Bg2 Bg4 6. Nc3 Qd7 7. h3 Bf5 8. Rb1 a5 9. a3 h6 10.
Nd5 Nxd5 11. cxd5 Ne7 12. e4 Bg6 13. O-O f5 14. Nh4 Bh7 15. f4 g6 16. fxe5 dxe5 17.
d4 Bg7 18. dxe5 Bxe5 19. Bxh6 Bxg3 20. Nf3 fxe4 21. Ng5 Qxd5 22. Qxd5 Nxd5 23. Bg7 Rg8 24. Bd4 O-O-O 25. Nxh7 Nf4 26. Be3 Ne2+ 27. Kh1 Rh8 28.
Ng5 Rd3 29. Bc1 e3 30. Be4 Rd7 31. Bxg6 Rg7 32. Bf5+ Kb8 33. Bxe3 Bd6 34. Rf3 Ng3+ 35. Rxg3 Bxg3 36. Rg1 Bh4 37. Bd4 Rhg8 38. Bxg7 Rxg7 39. Nf3 Rxg1+ 40. Kxg1 Bf6 41. h4 Bxb2 42. a4 c6 43. Kf1 b5 44. axb5 cxb5 45. Bd7 b4 46. Ba4 Kc7 47.
Ke2 Kd6 48. Kd3 Ke7 49. Ke4 Bc3 50. h5 Kf7 51. Kf5 Kg7 52. Kg5 Bb2 53. h6+ Kh8 54. Kg6 Bc1 55. Ne5 Bxh6 56. Kxh6 Kg8 57. Kg6 Kf8 58. Nc6 Ke8 59. Nxa5+ Kf8 60. Kf6 Kg8 61. Nc6 Kh8 62. Ne7 b3 63. Bxb3 Kh7 64. Ng6 Kh6 65. Bg8 Kh5 66. Ne5 Kh4 67. Bd5 Kg3 68. Nd3 Kg4 69. Kg6 Kh4 70. Bf3 Kg3 71. Be2 Kh4 72.
Kf5 Kg3 73. Kg5 Kh3 74. Bf3 Kg3 75. Bg4 Kg2 76. Kh4 Kf1 77. Kg3 Kg1 78. Be2 Kh1 79. Nf2+ Kg1 80. Nh3+ Kh1 81. Bf3# 1-0

[Event "*** Titled Tuesday Blitz"]
[Site "Chess.com"]
[Date "2020.04.28"]
[Round "6"]
[White "Carnivoras"]
[Black "Angry_Twin"]
[Result "0-1"]
[WhiteElo "2636"]
[BlackElo "2795"]
[TimeControl "180+1"]
[EndTime "11:09:05 PDT"]
[Termination "Angry_Twin won by resignation"]

1. d4 Nf6 2. Nf3 d5 3. Bg5 c5 4. c3 Nc6 5. e3 Qb6 6. Qb3 c4 7. Qxb6 axb6 8. Na3 Ne4 9. Bf4 Ra5 10. Nc2 Bf5 11.
Nb4 Nxb4 12. cxb4 Ra8 13. a3 e6 14. Rc1 Be7 15. Nd2 Nf6 16. Be2 O-O 17. O-O Rfc8 18. Nb1 Bxb1 19. Rxb1 c3 20. h3 cxb2 21. Rxb2 Rxa3 22.
Rfb1 h6 23. Bf3 Ne8 24. e4 Nf6 25. e5 Nd7 26. Be2 Nb8 27. b5 Nd7 28. Kh2 Bg5 29.
Bg3 Rcc3 30. Bf1 Nf8 31. h4 Be7 32. h5 Nh7 33. Be2 Ng5 34. Bf4 Ne4 35. f3 Bg5 36. Bxg5 Nxg5 37. Kg1 f6 38. exf6 gxf6 39. Bf1 Kf7 40. Re1 Ke7 41. Rd2 Kd6 42. Rdd1 e5 43.
dxe5+ fxe5 44. Rd2 d4 45. Red1 Ne6 46. Be2 Nf4 47.
Bf1 Re3 48. Rf2 Rac3 49. Rfd2 d3 50. Ra2 Nd5 51. Ra7 Rc2 52. Rxd3 Rxd3 53. Bxd3 Rd2 54. Bf1 Ne3 55. Ra8 Kc5 56. Rc8+ Kb4 57. Rc1 Nxf1 58.
Rb1+ Kc5 59. Kxf1 Kd4 60. Rb4+ Kc5 61. Re4 Rd5 62. Rg4 Kxb5 63. Rg6 Ka5 64. Rxh6 b5 65.
Rh8 b4 66. h6 Rd7 67. h7 Kb6 68. Re8 Rxh7 69. Rxe5 Rc7 70. Re6+ Kb5 71. Re2 b3 72. g4 Kb4 73. g5 Rc4 74. Kf2 Ka3 75. g6 Rc6 76. g7 Rg6 77. Re7 b5 78. Ra7+ Kb4 79. f4 b2 80. f5 b1=Q 81. fxg6 Qc2+ 0-1

[Event "*** Titled Tuesday Blitz"]
[Site "Chess.com"]
[Date "2020.04.28"]
[Round "6"]
[White "druskacik"]
[Black "jacky72"]
[Result "1-0"]
[WhiteElo "2569"]
[BlackElo "2696"]
[TimeControl "180+1"]
[EndTime "11:09:07 PDT"]
[Termination "druskacik won by checkmate"]

1. e4 e5 2. Nf3 Nc6 3. Nc3 Nf6 4. d4 exd4 5. Nxd4 Bb4 6. Nxc6 bxc6 7. Bd3 d5 8. exd5 O-O 9. O-O cxd5 10. Bg5 c6 11. Qf3 Bd6 12. Rae1 Rb8 13. Nd1 h6 14. Bxf6 Qxf6 15.
Qxf6 gxf6 16. b3 a5 17. Ne3 a4 18. Nf5 Bxf5 19. Bxf5 a3 20. Re3 Rfe8 21. Rh3 Kg7 22. Rd1 Re2 23. Bd3 Re7 24. Rh4 Rbe8 25. Kf1 Be5 26.
Rg4+ Kf8 27. Ra4 Bc3 28. g3 Bb2 29. Ra6 c5 30. Bb5 Rd8 31. Rc6 Bd4 32. Ra6 Bb2 33. Be2 Re6 34. Ra5 Rde8 35. Bf3 d4 36. Rxc5 Bc3 37.
Rc7 Re1+ 38. Kg2 Rxd1 39. Bxd1 Re1 40. Bh5 Ra1 41. Rxf7+ Kg8 42. Ra7 Rxa2 43. Bg6 Ra1 44. h4 Kf8 45. h5 Kg8 46. Kf3 Kf8 47. g4 Kg8 48. Kf4 Kf8 49. f3 Bb4 50. Bd3 Ke8 51.
Kf5 Kd8 52. Kxf6 Rg1 53. Kg6 Bf8 54. Kf7 Bc5 55. Ra5 Bb6 56. Rxa3 Rg3 57. Be4 Kd7 58. Ra6 Kc7 59. Ra8 Kd6 60. Rg8 Ke5 61. Rg6 Ba5 62.
Rxh6 Bd2 63. Rg6 Rh3 64. b4 Bxb4 65. h6 Bd2 66. Re6+ Kf4 67. h7 Kg3 68. Re8 d3 69.
cxd3 Bc3 70. Rc8 Bd4 71. Rd8 Be5 72. d4 Bc7 73. h8=Q Rxh8 74. Rxh8 Be5 75. d5 Bxh8 76. d6 Be5 77. d7 Bc7 78. g5 Kf4 79. g6 Be5 80. g7 Bxg7 81. Kxg7 Ke5 82. d8=Q Ke6 83. Qf6+ Kd7 84. Bd5 Ke8 85. Qf7+ Kd8 86. Bc6 Kc8 87. f4 Kb8 88. Qb7# 1-0

[Event "*** Titled Tuesday Blitz"]
[Site "Chess.com"]
[Date "2020.04.28"]
[Round "6"]
[White "Michaelson_11"]
[Black "JoakimVonAnd"]
[Result "1-0"]
[WhiteElo "2008"]
[BlackElo "2504"]
[TimeControl "180+1"]
[EndTime "11:09:11 PDT"]
[Termination "Michaelson_11 won by checkmate"]

1. e4 c6 2. d4 d5 3. Nd2 dxe4 4. Nxe4 Bf5 5. Ng3 Bg6 6. h4 h6 7. Nf3 Nf6 8. Ne5 Bh7 9. Bc4 e6 10. c3 Nbd7 11. Qe2 Nxe5 12. dxe5 Nd5 13. Be3 Nxe3 14. Qxe3 Qb6 15. Qxb6 axb6 16. O-O-O b5 17. Bb3 Bc5 18. Rhf1 Ke7 19. a3 Rhd8 20. Bc2 Rxd1+ 21. Kxd1 Bxc2+ 22. Kxc2 Ra4 23. f4 Be3 24. Ne2 g5 25. hxg5 hxg5 26. g3 gxf4 27. gxf4 Ra8 28. Kd3 Bb6 29. Ng3 Rd8+ 30.
Kc2 Rg8 31. Ne4 Rg2+ 32. Kb3 Be3 33. Nd6 b6 34. Nc8+ Kd7 35. Nd6 Ke7 36. f5 exf5 37. Nxf5+ Ke6 38. Nxe3 Rg3 39. Re1 c5 40. Nc2 Rh3 41.
a4 bxa4+ 42. Kxa4 Rh2 43. Na3 Rxb2 44. Rb1 Ra2 45. Rxb6+ Kxe5 46. Kb3 Rh2 47. Kc4 Rh3 48. Nb5 f5 49. Kxc5 f4 50. Rb8 f3 51. Re8+ Kf4 52. Nd4 f2 53. Rf8+ Kg3 54. Ne2+ Kh4 55. Rxf2 Re3 56.
Kd4 Re8 57. Nf4 Rd8+ 58. Nd5 Kg3 59. Rf7 Rd6 60. c4 Rd8 61. c5 Kg4 62. c6 Kg5 63. Kc5 Kg6 64. Rd7 Ra8 65. c7 Ra5+ 66. Kc6 Ra8 67.
Kb7 Ra5 68. c8=Q Rb5+ 69. Ka6 Rb1 70. Qc6+ Kg5 71. Nb6 Ra1+ 72. Kb7 Rb1 73. Qd5+ Kf4 74. Qd4+ Kg5 75. Rg7+ Kf5 76. Qd5+ Kf6 77. Qd4+ Ke6 78. Rg6+ Kf5 79. Rf6+ Kg5 80. Qe5+ Kg4 81. Qe4+ Kg5 82.
Qxb1 Kxf6 83. Qe4 Kg5 84. Kc7 Kf6 85. Kd6 Kg5 86. Ke5 Kh5 87. Qg2 Kh4 88. Kf5 Kh5 89. Qh3# 1-0

[Event "*** Titled Tuesday Blitz"]
[Site "Chess.com"]
[Date "2020.04.28"]
[Round "6"]
[White "marianokar"]
[Black "TengisChess"]
[Result "1-0"]
[WhiteElo "2364"]
[BlackElo "2534"]
[TimeControl "180+1"]
[EndTime "11:09:15 PDT"]
[Termination "marianokar won by checkmate"]

1. e4 c6 2. d4 d5 3. exd5 cxd5 4. Bd3 Nf6 5. h3 Nc6 6. c3 g6 7. Nf3 Bf5 8. Bxf5 gxf5 9. Qd3 Ne4 10. Bf4 Rg8 11.
Rg1 e6 12. Nbd2 Qa5 13. g4 Nxd2 14. Bxd2 fxg4 15. hxg4 Rg6 16. Nh4 Rg7 17. Bh6 Rg8 18.
Qxh7 Ne7 19. Bxf8 Rxf8 20. Nf3 Ng6 21. Ne5 Nxe5 22. dxe5 Rc8 23. Qd3 Rc4 24. f3 Rh8 25.
Kf2 Qb6+ 26. Kg3 Qc7 27. Rae1 a6 28. Qe3 Qe7 29. Rh1 Rg8 30. Rh7 Qc7 31. Reh1 d4 32. cxd4 Rc2 33. Rh8 Rxh8 34. Rxh8+ Kd7 35. Rh7 Kc6 36.
d5+ exd5 37. Rh6+ Kb5 38. Qb3+ Ka5 39. Qe3 Qc5 40. Qxc5+ Rxc5 41. Rf6 Rc7 42. Rd6 Rc5 43. Rd7 d4 44. Rxf7 Rxe5 45. Rd7 Re2 46. Rxd4 Rxb2 47.
a3 b5 48. g5 Rb1 49. Kf2 Rb2+ 50. Ke3 Rb1 51. g6 Re1+ 52. Kf2 Re8 53. g7 Kb6 54. Rg4 Rg8 55. Ke3 Kc6 56. Kd4 Kd6 57.
f4 Ke6 58. Kc5 Kf5 59. Rg1 Kxf4 60. Kb6 Kf5 61. Kxa6 Kf6 62. Kxb5 Kf7 63. a4 Rb8+ 64. Kc6 Kg8 65. a5 Rb2 66. a6 Rc2+ 67. Kb7 Rb2+ 68. Ka7 Rb3 69. Ka8 Rb6 70. a7 Rb2 71. Rc1 Kxg7 72.
Rc8 Kf7 73. Rb8 Ra2 74. Kb7 Rb2+ 75. Kc7 Rc2+ 76. Kd6 Rd2+ 77. Kc5 Rc2+ 78. Kd4 Rd2+ 79. Kc3 Rd7 80. a8=Q Ke6 81. Re8+ Kd6 82. Rd8 Kc7 83. Rxd7+ Kxd7 84. Qa6 Kc7 85. Kd4 Kd7 86. Kd5 Kc7 87. Qc6+ Kb8 88. Qd7 Ka8 89. Kc6 Kb8 90. Qb7# 1-0

[Event "*** Titled Tuesday Blitz"]
[Site "Chess.com"]
[Date "2020.04.28"]
[Round "6"]
[White "SlavenPastar"]
[Black "yoolund"]
[Result "0-1"]
[WhiteElo "2374"]
[BlackElo "2536"]
[TimeControl "180+1"]
[EndTime "11:09:20 PDT"]
[Termination "yoolund won by resignation"]

1. d4 Nf6 2. c4 e6 3. Nc3 Bb4 4. e3 d5 5. cxd5 exd5 6. Bd3 O-O 7. Ne2 Bg4 8. Bd2 Nbd7 9. Rc1 c6 10. O-O Re8 11.
f3 Bh5 12. Qe1 c5 13. Qf2 cxd4 14. exd4 Bg6 15. Bxg6 hxg6 16. Bg5 Nf8 17. Nf4 Bxc3 18. Rxc3 Ne6 19. Nxe6 Rxe6 20. Rfc1 Qb6 21. h3 Rae8 22.
R1c2 Re1+ 23. Kh2 Qd6+ 24. g3 Qe6 25. Kg2 Nh5 26. Rc8 Rxc8 27. Rxc8+ Qxc8 28. Qxe1 Qc2+ 29. Qd2 Qxd2+ 30. Bxd2 Nf6 31. Kf2 Nd7 32. Ke3 f6 33. Kd3 Kf7 34. h4 Ke6 35. b3 Nb8 36. Bb4 Nc6 37. Bf8 Kf7 38. Bc5 b6 39. Ba3 Ke6 40. Ke3 Kf7 41. Kd3 Ke6 42. Kc3 Kf7 43. Bc1 Ke6 44. a3 Kd7 45. b4 b5 46. Be3 a6 47.
Kb3 Ke6 48. a4 Kf5 49. axb5 axb5 50. g4+ Ke6 51. Kc3 Kf7 52. Bd2 Ke6 53. Kd3 Kf7 54.
Kc3 Ke6 55. Be1 Kf7 56. Bg3 Ke6 57. Bc7 Kf7 58. Bd6 Ke6 59. Bc5 Kf7 60. Kd3 Ke6 61. Ke3 Kf7 62. f4 Ke6 63. Kf3 f5 64. h5 fxg4+ 65.
Kxg4 gxh5+ 66. Kg5 Ne7 67. Bxe7 Kxe7 68. Kg6 h4 69.
Kxg7 h3 70. f5 h2 71. f6+ Ke6 72. f7 h1=Q 73. f8=Q Qg2+ 74. Kh8 Qh3+ 75. Kg8 Qg4+ 76. Kh8 Qh5+ 77. Kg8 Qg6+ 78. Qg7 Qxg7+ 79. Kxg7 Kf5 80.
Kf7 Ke4 81. Ke6 Kxd4 82. Kd6 Kc4 83. Kc6 Kxb4 84. Kxd5 Kc3 85. Ke4 b4 0-1